 Dungeon Crawl Stone Soup version 0.21.1-1-g345015f (webtiles) character file.

72 sankara the Grave Robber (level 4, 0/30 HPs)
             Began as a Mummy Necromancer on Apr 20, 2018.
             Killed from afar by an orc wizard (8 damage)
             ... with a magic dart
             ... on level 3 of the Dungeon.
             The game lasted 00:09:13 (2795 turns).

sankara the Grave Robber (Mummy Necromancer)        Turns: 2795, Time: 00:09:14

Health: 0/30       AC:  2    Str: 11    XL:     4   Next: 6%
Magic:  2/8        EV: 12    Int: 15    God:
Gold:   126        SH:  0    Dex: 12    Spells: 4/9 levels left

rFire    x . .     SeeInvis .   a - +0 dagger
rCold    + . .     Gourm    .   (no shield)
rNeg     + + +     Faith    .   c - +0 robe
rPois    ∞         Spirit   .   (no helmet)
rElec    .         Reflect  .   (no cloak)
rCorr    +         Harm     .   (no gloves)
MR       .....                  (no boots)
Stlth    ++........             (no amulet)
HPRegen  0.10/turn              j - ring of resist corrosion
MPRegen  0.11/turn              (no ring)

@: slowed, very slow
A: no food or potions, fire vulnerability, cold resistance 1, negative energy
resistance 3, torment resistance, unbreathing
a: no special abilities


You were on level 3 of the Dungeon.
You were not hungry.

You visited 1 branch of the dungeon, and saw 3 of its levels.

You collected 126 gold pieces.

Inventory:

Hand Weapons
 a - a +0 dagger (weapon)
   (You took it off a goblin on level 1 of the Dungeon)
Missiles
 k - 27 stones (quivered)
 l - 5 javelins
Armour
 c - a +0 robe (worn)
Jewellery
 j - a ring of resist corrosion (left hand)
   (You found it on level 1 of the Dungeon)
Scrolls
 d - 2 scrolls of fog {unknown}
 e - a scroll of immolation {unknown}
 f - a scroll of blinking {unknown}
 g - a scroll of amnesia {unknown}
 h - a scroll of teleportation {unknown}
 i - a scroll of identify {unknown}
 m - a scroll of noise {unknown}
Books
 b - a book of Necromancy


   Skills:
 - Level 1.5 Dodging
 - Level 1.5 Stealth
 - Level 3.0 Spellcasting
 + Level 5.5 Necromancy


You had 4 spell levels left.
You knew the following spells:

 Your Spells              Type           Power        Failure   Level  Hunger
a - Animate Skeleton      Necr           N/A          1%          1    N/A
b - Vampiric Draining     Necr           ###.......   6%          3    N/A
d - Pain                  Necr           ###.         1%          1    N/A

Dungeon Overview and Level Annotations

Branches:
Dungeon (3/15)

Altars:
Vehumet

Annotations:
D:2 exclusion: Natasha, Natasha


Innate Abilities, Weirdness & Mutations

You do not eat or drink.
Your flesh is vulnerable to fire.
You are immune to poison.
Your flesh is cold resistant. (rC+)
You are immune to negative energy. (rN+++)
You are immune to unholy pain and torment.
You can survive without breathing.


Message History

Confirm with . or Enter, or press ? or * to list all spells.
Aiming: Pain
Press: ? - help, Shift-Dir - straight line, f/p - hobgoblin
Aim: a hobgoblin (heavily wounded, chance to defeat MR: 89%)
The hobgoblin writhes in agony!
You kill the hobgoblin!
You have reached level 4!
You start resting.
An orc comes into view. It is wielding a dagger.
Things that are here:
a hobgoblin corpse x2; a frilled lizard corpse
Casting: Pain
Confirm with . or Enter, or press ? or * to list all spells.
You attempt to give life to the dead...
Before your eyes, flesh is ripped from the corpse!
The dead are walking!
The orc hits your hobgoblin skeleton with a dagger.
Things that are here:
2 chunks of flesh {@w0}; a hobgoblin corpse; a frilled lizard corpse
Casting: Animate Skeleton
Confirm with . or Enter, or press ? or * to list all spells.
You attempt to give life to the dead...
Before your eyes, flesh is ripped from the corpse!
The dead are walking!
The orc hits your hobgoblin skeleton with a dagger.
Things that are here:
6 chunks of flesh {@w0}; a frilled lizard corpse
Casting: Animate Skeleton
Confirm with . or Enter, or press ? or * to list all spells.
You attempt to give life to the dead...
Before your eyes, flesh is ripped from the corpse!
The dead are walking!
Your hobgoblin skeleton hits the orc.
The orc hits your hobgoblin skeleton with a dagger!
Your hobgoblin skeleton is destroyed!
You see here 7 chunks of flesh {@w0}.
An orc, an orc priest and an orc wizard come into view.
Something barely misses your hobgoblin skeleton.
The orc wizard casts a spell.
The orc wizard flickers and vanishes!
Deactivating autopickup; reactivate with Ctrl-A.
The orc priest calls down the wrath of Beogh upon your frilled lizard skeleton.
Your frilled lizard skeleton is smitten.
Your frilled lizard skeleton is destroyed!
You hear a shout! x2
Casting: Animate Skeleton
Confirm with . or Enter, or press ? or * to list all spells.
Aiming: Pain
Press: ? - help, Shift-Dir - straight line, f - orc
Aim: an orc (chance to defeat MR: 89%)
The orc writhes in agony!
The orc priest shouts!
You hear a shout! x2
You swap places.
The orc hits your hobgoblin skeleton.
Casting: Pain
Confirm with . or Enter, or press ? or * to list all spells.
Aiming: Pain
Press: ? - help, Shift-Dir - straight line, f/p - orc
Aim: an orc (moderately wounded, chance to defeat MR: 89%)
The orc writhes in agony!
You kill the orc!
The orc hits your hobgoblin skeleton but does no damage.
Your hobgoblin skeleton hits the orc with a club.
The orc dies!
What are your orders? t - Shout!
Orders for allies: a - Attack new target. r - Retreat! s - Stop attacking. g - Guard the area. f - Follow me.
Anything else - Cancel.
Gang up on whom?
Press: ? - help, Dir - move target cursor, f - orc priest
Aim: an orc priest, wielding a trident and wearing a scale mail Attack!
The orc priest hits you from afar with a trident.
An orc wizard comes into view. It is wielding a dagger.
Your hobgoblin skeleton hits the orc priest but does no damage.
Your hobgoblin skeleton hits the orc priest.
The orc priest hits your hobgoblin skeleton with a trident!
Your hobgoblin skeleton is destroyed!
The orc wizard mumbles some strange words.
The orc wizard blinks!
Your hobgoblin skeleton hits the orc priest but does no damage.
The orc wizard casts a spell at you.
You feel yourself slow down. Something hits your hobgoblin skeleton.
Your hobgoblin skeleton hits the orc priest with a club.
Something hits your hobgoblin skeleton.
Your hobgoblin skeleton is destroyed!
The orc wizard casts a spell.
The orc wizard blinks!
The orc priest casts a cantrip, but nothing happens.
The orc priest looks satisfied for a moment.
You hear some strange, mumbled words.
You hear some strange, mumbled words.
A puff of flame appears from out of thin air!
The puff of flame hits you! The fire burns you terribly!
Ouch! That really hurt!
* * * LOW HITPOINT WARNING * * *
A magic dart appears from out of thin air!
The magic dart hits you!
You die...

#...##..# #...##%.#
#..###..# #. #..# #..#
##.# #..###..# ##...#
#.......#
#.....#########.######
...........# #.#
##.##......###@#
..........oo{..#
#.##......#####
##.....# #.##### #..#
##.####.########
...............#
.#.####{%#####.


You could see an orc priest and an orc wizard.

Vanquished Creatures
  An adder (D:2)
  2 worms
  A dart slug (D:3)
  An orc (D:3)
  3 giant cockroaches
  7 goblins
  8 hobgoblins
  4 kobolds
  3 quokkas
  2 ball pythons (D:2)
  A bat (D:1)
  4 frilled lizards
  8 rats
45 creatures vanquished.

Vanquished Creatures (collateral kills)
  An ooze (D:2)
  A dart slug (D:2)
  An orc (D:3)
  A rat (D:2)
4 creatures vanquished.

Grand Total: 49 creatures vanquished

Notes
Turn   | Place    | Note
-------+----------+-------------------------------------------
     0 | D:1      | sankara the Mummy Necromancer began the quest for the Orb.
     0 | D:1      | Reached XP level 1. HP: 13/13 MP: 4/4
   204 | D:1      | Reached skill level 3 in Spellcasting
   207 | D:1      | Learned a level 1 spell: Animate Skeleton
   418 | D:1      | Reached XP level 2. HP: 19/19 MP: 1/6
  1296 | D:2      | Found a radiant altar of Vehumet.
  1568 | D:2      | Noticed Natasha
  1917 | D:2      | Reached skill level 5 in Necromancy
  1917 | D:2      | Reached XP level 3. HP: 13/24 MP: 0/7
  2438 | D:2      | Learned a level 3 spell: Vampiric Draining
  2748 | D:3      | Reached XP level 4. HP: 24/30 MP: 1/8
  2795 | D:3      | Killed from afar by an orc wizard

Skill      XL: |  1  2 |
---------------+-------+-----
Spellcasting   | 3 |  3.0
Necromancy     | 5 |  5.5
Dodging        | |  1.5
Stealth        | |  1.5

Action                   |  1- 3 |  4- 6 || total
-------------------------+-------+-------++-------
Melee: Unarmed           |     8 |       ||     8
       Dagger            |    10 |       ||    10
 Cast: Pain              |    95 |     3 ||    98
       Animate Skeleton  |    13 |     3 ||    16
 Stab: Sleeping          |     2 |       ||     2
Armor: Robe              |     2 |       ||     2
Dodge: Dodged            |    27 |       ||    27

Vault maps used:
D:1:      zelgadis_glass_arrival_small, kennysheep_nondescript,
          serial_bayou_pond_d
D:2:      old_standard_altar, uniq_natasha
D:3:      first_ration

Table legend:
 A = Turns spent in this place as a percentage of turns spent in the entire game.
 B = Non-inter-level travel turns spent in this place as a percentage of non-inter-level travel turns spent in the entire game.
 C = Inter-level travel turns spent in this place as a percentage of turns spent in this place.
 D = Turns resting spent in this place as a percentage of non-inter-level travel turns spent in this place.
 E = Turns spent auto-exploring this place as a percentage of non-inter-level travel turns spent in this place.
 F = Non-inter-level travel turns spent in this place divided by the number of levels of this place that you've seen.
                   A       B       C       D       E      F
               +-------+-------+-------+-------+-------+----------------------
         Total | 100.0 | 100.0 |   3.1 |  31.6 |  51.3 | 902.7
       Dungeon | 100.0 | 100.0 |   3.1 |  31.6 |  51.3 | 902.7
               +-------+-------+-------+-------+-------+----------------------

Table legend:
 A = Kills in this place as a percentage of kills in entire the game.
 B = Kills by you in this place as a percentage of kills by you in the entire game.
 C = Kills by friends in this place as a percentage of kills by friends in the entire game.
 D = Other kills in this place as a percentage of other kills in the entire game.
 E = Experience gained in this place as a percentage of experience gained in the entire game.
 F = Experience gained in this place divided by the number of levels of this place that you have seen.
                   A       B       C       D       E      F
               +-------+-------+-------+-------+-------+----------------------
         Total | 100.0 | 100.0 | 100.0 |   N/A | 100.0 |  34.3
       Dungeon | 100.0 | 100.0 | 100.0 |   N/A | 100.0 |  34.3
               +-------+-------+-------+-------+-------+----------------------
